 Dungeon Crawl Stone Soup version 0.27.0-1-g7a089689b8 (webtiles) character file.

Game seed: 3631945372476701448

119 agentchuck the Ruffian (level 5, 0/45 HPs)
             Began as a Ghoul Conjurer on Aug 10, 2021.
             Engulfed by a steam dragon's steam (8 damage)
             ... on level 4 of the Dungeon.
             The game lasted 00:11:01 (5361 turns).

agentchuck the Ruffian (Ghoul Conjurer)             Turns: 5361, Time: 00:11:02

Health: 0/45       AC:  4    Str: 12    XL:     5   Next: 3%
Magic:  4/6        EV: 11    Int: 13    God:
Gold:   144        SH:  0    Dex:  7    Spells: 6/7 levels left

rFire    . . .     SeeInvis .     - Unarmed
rCold    + . .     Faith    .   (no shield)
rNeg     + + +     Spirit   .   n - +0 leather armour
rPois    ∞         Reflect  .   d - +0 helmet
rElec    .         Harm     .   (no cloak)
rCorr    .         Rampage  .   (no gloves)
Will     .....                  (no boots)
Stlth    +.........             (no amulet)
HPRegen  0.00/turn              (no ring)
MPRegen  0.10/turn              (no ring)

@: inhibited regen
A: claws 1, cold resistance 1, negative energy resistance 3, inhibited
regeneration, torment resistance 2
a: no special abilities


You were on level 4 of the Dungeon.
You visited 1 branch of the dungeon, and saw 4 of its levels.

You collected 144 gold pieces.


Innate Abilities, Weirdness & Mutations

You thrive by killing the living.
You are immune to poison.
You have sharp fingernails.
Your flesh is cold resistant. (rC+)
You are immune to negative energy. (rN+++)
You do not regenerate when monsters are visible.
You are immune to unholy pain and torment.


   Skills:
 + Level 3.3 Fighting
 - Level 1.7 Dodging
 - Level 2.1 Stealth
 + Level 3.3 Unarmed Combat
 - Level 1.7 Spellcasting
 - Level 3.2 Conjurations


You had 6 spell levels left.
You knew the following spells:

 Your Spells              Type           Power      Damage    Failure   Level
z - Magic Dart            Conj           36%        1d4       9%          1

Your spell library contained the following spells:

 Spells                   Type           Power      Damage    Failure   Level
 Searing Ray              Conj           18%        3d3       13%         2
 Ensorcelled Hibernation  Hex/Ice        2%         N/A       45%         2
 Dazzling Flash           Conj/Hex       10%        N/A       45%         3
 Fulminant Prism          Conj/Hex       2%         3d6       86%         4
 Iskenderun's Mystic Bla  Conj/Tloc      5%         2d3       86%         4
 Shadow Creatures         Summ           N/A        N/A       100%        6
 Spider Form              Tmut/Pois      Unusable   N/A       N/A         3

Inventory:

Missiles
 b - 126 stones
 f - 6 silver boomerangs
 h - 23 poisoned darts
 l - a throwing net {=f}
 q - 6 boomerangs
Armour
 a - a +0 ring mail
 d - a +0 helmet (worn)
 n - a +0 leather armour (worn)
Scrolls
 c - 3 scrolls of amnesia {unknown}
 g - 2 scrolls of vulnerability {unknown}
 j - a scroll of identify {unknown}
 m - a scroll of acquirement {unknown}
 s - a scroll of noise {unknown}
Potions
 e - a potion of attraction {unknown}
 i - a potion of might {unknown}
 k - 5 potions of curing {unknown}
 o - a potion of experience {unknown}
 p - a potion of brilliance {unknown}
 r - a potion of flight {unknown}

Dungeon Overview and Level Annotations

Branches:
Dungeon (4/15)             Temple (0/1) D:4

Altars:
Cheibriados

Shops:
D:2

* ##
...##...§.....#
...
.....h...........#
...
....≈≈≈≈≈........#
...
..≈≈≈≈≈≈≈≈≈......#
...
≈≈≈≈≈≈≈≈≈≈≈≈≈....#
.#.
≈≈≈≈≈≈≈≈≈≈≈≈≈≈...#
..>
≈≈≈≈≈...≈≈§≈≈≈...#
#.
≈≈≈≈≈.>.≈D≈≈≈≈...#
≈≈≈≈≈..@§§≈≈≈≈...#
≈≈≈≈≈≈≈§≈§≈≈≈...##
..≈≈≈≈≈§§§§....##
....≈≈≈§§....§.#
......§..§§....#
####..§..§..§..#
#######....##
#.!.## #####


You could see a steam dragon and a jackal (wandering).


Message History

Aiming: Magic Dart (safe; 9% risk of failure)
Press: ? - help, Shift-Dir - straight line, f/p - endoplasm
Aim: an endoplasm (severely wounded, 100% to hit)
The magic dart hits the endoplasm.
You kill the endoplasm!
The steam dragon breathes steam at you. The ball of steam misses you.
You hear an angry hiss.
You hear a bark! x4
The steam dragon breathes steam at you. The ball of steam misses you.
You hear a shout!
Found a fizzy orange potion.
Found a staircase to the Ecumenical Temple.
You aren't carrying any items that you can evoke.
Okay, then.
You enter the shallow water.
Moving in this stuff is going to be slow.
The steam dragon breathes steam at you. The ball of steam hits you!!
You hear a bark! x3; You hear an angry growl.
You hear a bark!
The steam dragon breathes steam at you. The ball of steam misses you.
You hear a bark! x2
The steam dragon breathes steam at you. The ball of steam hits you!
* * * LOW HITPOINT WARNING * * *
You hear a bark! x4; You hear an angry hiss.
Really walk into that cloud of steam?
You are engulfed in a cloud of scalding steam.
You die...

Skill      XL: |  1  2  3  4 |
---------------+-------------+-----
Fighting       | 1 2 3 |  3.3
Unarmed Combat | 1 2 3 |  3.3
Dodging        | |  1.7
Stealth        | |  2.1
Spellcasting   | |  1.7
Conjurations   | |  3.2

Action                   |  1- 3 |  4- 6 || total
-------------------------+-------+-------++-------
Melee: Unarmed           |    71 |    40 ||   111
       Punch             |       |     2 ||     2
 Cast: Magic Dart        |    84 |    77 ||   161
Armor: Robe              |    22 |     5 ||    27
       Leather armour    |       |    12 ||    12
Dodge: Dodged            |    41 |    40 ||    81

Levels and vault maps discovered:
D:1:      sevenhm_arrival_forest_fort_large_4, layout_loops_corners
D:2:      layout_rooms, hellmonk_ecumenical_altar_blasted, basic_altar,
          serial_shops, nicolae_shop_trees, minmay_goblin_outpost
D:3:      minmay_skewed_foursquare, layout_loops_ring, hangedman_decor_points
D:4:      layout_rooms, gammafunk_temple_overflow_forgotten, temple_pool_b

Notes
Turn   | Place    | Note
-------+----------+-------------------------------------------
     0 | D:1      | agentchuck the Ghoul Conjurer began the quest for the Orb.
     0 | D:1      | Reached XP level 1. HP: 14/14 MP: 2/2
   651 | D:1      | Reached skill level 1 in Fighting
   651 | D:1      | Reached skill level 1 in Unarmed Combat
   651 | D:1      | Reached XP level 2. HP: 21/23 MP: 0/3
  2112 | D:2      | Reached XP level 3. HP: 25/29 MP: 0/4
  2157 | D:2      | Reached skill level 2 in Fighting
  2157 | D:2      | Reached skill level 2 in Unarmed Combat
  2266 | D:2      | Found Tueggat's General Store.
  2426 | D:2      | Found a snail-covered altar of Cheibriados.
  2683 | D:2      | Found a faded altar of an unknown god.
  2753 | D:2      | Reached XP level 4. HP: 26/37 MP: 0/5
  3890 | D:3      | Reached skill level 3 in Fighting
  3890 | D:3      | Reached skill level 3 in Unarmed Combat
  4653 | D:4      | Noticed a steam dragon
  4701 | D:4      | Noticed a black bear
  5186 | D:3      | Reached XP level 5. HP: 45/45 MP: 3/6
  5355 | D:4      | Found a staircase to the Ecumenical Temple.
  5361 | D:4      | Engulfed by a steam dragon's steam

Vanquished Creatures
  2 adders
  A white imp (D:3)
  An adder zombie (D:3)
  A worm (D:3)
  2 dart slugs
  5 orcs
  4 bats
  10 endoplasms
  6 giant cockroaches
  10 goblins
  7 hobgoblins
  4 jackals (D:2)
  4 quokkas
  5 ball pythons
  A frilled lizard (D:3)
  5 kobolds
  3 rats
71 creatures vanquished.

Table legend: (Time is in decaauts)
 A = Elapsed time spent in this place.
 B = Non-inter-level travel time spent in this place.
 C = Inter-level travel time spent in this place.
 D = Time resting spent in this place.
 E = Time spent auto-exploring this place.
 F = Levels seen in this place.
 G = Mean time per level.
                   A        B        C        D        E       F      G
               +--------+--------+--------+--------+--------+-----+--------+
         Total |   5365 |   4958 |    407 |   2143 |   1552 |   4 | 1341.2 |
       Dungeon |   5365 |   4958 |    407 |   2143 |   1552 |   4 | 1341.2 |
               +--------+--------+--------+--------+--------+-----+--------+

Top non-repeatable levels by time:
     D:1: 2068 daAuts
     D:3: 2001 daAuts
     D:2: 1148 daAuts
     D:4: 146 daAuts

Table legend:
 A = Non-vault XP
 B = Vault XP
 C = Vault XP percentage of total XP
 D = Non-vault monster count
 E = Vault monster count
 F = Vault count percentage of total count
                 A         B        C        D         E       F
            +---------+---------+-------+---------+---------+-------
      Total |     135 |      36 |  21.1 |      56 |      15 |  21.1
            +---------+---------+-------+---------+---------+-------
        D:1 |      32 |       0 |   0.0 |      18 |       0 |   0.0
        D:2 |      44 |      15 |  25.4 |      19 |       8 |  29.6
        D:3 |      50 |      21 |  29.6 |      15 |       7 |  31.8
        D:4 |       9 |       0 |   0.0 |       4 |       0 |   0.0
            +---------+---------+-------+---------+---------+-------
